TOP OF THE 1ST |
Round Rock Express batting - Pitching for Toledo Mud Hens : RHP Ricky Tercero
|
Pitching: RHP Ricky Tercero
|
|
Batting: RHB Luis Romero
|
0-0: Swinging Strike 0-1: Ball 1-1: Called Strike 1-2: Foul Ball, location: 2F 1-2: Ground out 4-3 (Groundball, 4, EV 96.2 MPH)
|
Batting: RHB Doug Hammertime
|
0-0: Called Strike 0-1: Called Strike 0-2: Strikes out swinging
|
Batting: RHB Noah Stanley
|
0-0: Called Strike 0-1: Ball 1-1: Foul Ball, location: 2F 1-2: Ground out 6-3 (Groundball, 6, EV 89.4 MPH)
|
Top of the 1st over - 0 runs, 0 hits, 0 errors, 0 left on base; Round Rock 0 - Toledo 0 |
BOTTOM OF THE 1ST |
Toledo Mud Hens batting - Pitching for Round Rock Express : LHP John McRight
|
Pitching: LHP John McRight
|
|
Batting: RHB Brandon O'Malley
|
0-0: Called Strike 0-1: Foul Ball, location: 2F 0-2: Ball 1-2: Fly out, F8 (Flyball, 8RD, EV 104.4 MPH)
|
Batting: RHB Willis Morales
|
0-0: Ball 1-0: SINGLE (Groundball, 6M, EV 103.1 MPH) (infield hit)
|
Batting: RHB Sergio Zamora
|
0-0: Foul Ball, location: 2F 0-1: Ball 1-1: Called Strike 1-2: Ball 2-2: Ball 3-2: Grounds into double play, 5-4-3 (Groundball, 5, EV 83.8 MPH)
|
Bottom of the 1st over - 0 runs, 1 hit, 0 errors, 0 left on base; Round Rock 0 - Toledo 0 |
TOP OF THE 2ND |
Round Rock Express batting - Pitching for Toledo Mud Hens : RHP Ricky Tercero
|
Batting: RHB Ryan Kinkead
|
0-0: Called Strike 0-1: Called Strike 0-2: Strikes out looking
|
Batting: LHB Barend van der Kamp
|
0-0: SINGLE (Groundball, 4D, EV 99.4 MPH)
|
Batting: RHB Ernie Weathersbee
|
0-0: Foul Ball, location: 2F 0-1: Ball 1-1: SINGLE (Groundball, 34, EV 106.9 MPH) Barend van der Kamp to second Runner from 2nd tries for 3rd, OUT! 9-5
|
Batting: RHB Jarrod Joyce
|
0-0: Ball 1-0: Ball 2-0: Foul Ball, location: 2F 2-1: Foul Ball, location: 2F 2-2: Strikes out swinging
|
Top of the 2nd over - 0 runs, 2 hits, 0 errors, 1 left on base; Round Rock 0 - Toledo 0 |
BOTTOM OF THE 2ND |
Toledo Mud Hens batting - Pitching for Round Rock Express : LHP John McRight
|
Batting: RHB Trevor Mock
|
0-0: Ball 1-0: Called Strike 1-1: Ball 2-1: Called Strike 2-2: Foul Ball, location: 2F 2-2: Foul Ball, location: 2F 2-2: Foul Ball, location: 2F 2-2: Strikes out swinging
|
Batting: RHB Adam MacConnell
|
0-0: Ball 1-0: Ball 2-0: Called Strike 2-1: Foul Ball, location: 2F 2-2: Ground out 6-3 (Groundball, 56, EV 93.8 MPH)
|
Batting: RHB Tony Soto
|
0-0: Called Strike 0-1: Ball 1-1: Foul Ball, location: 2F 1-2: Ball 2-2: Strikes out looking
|
Bottom of the 2nd over - 0 runs, 0 hits, 0 errors, 0 left on base; Round Rock 0 - Toledo 0 |
TOP OF THE 3RD |
Round Rock Express batting - Pitching for Toledo Mud Hens : RHP Ricky Tercero
|
Batting: RHB Adryão Anto
|
0-0: Fly out, F3 (Popup, 34, EV 56.9 MPH)
|
Batting: RHB Jeremy Boerman
|
0-0: Called Strike 0-1: Ball 1-1: SOLO HOME RUN (Flyball, 89XD, EV 106.2 MPH), Distance : 385 ft
|
Batting: RHB Luis Romero
|
0-0: Called Strike 0-1: Ball 1-1: Foul Ball, location: 2F 1-2: Ball 2-2: Foul Ball, location: 2F 2-2: Foul Ball, location: 2F 2-2: Ball 3-2: Strikes out swinging
|
Batting: RHB Doug Hammertime
|
0-0: SINGLE (Groundball, 6M, EV 102.5 MPH)
|
Batting: RHB Noah Stanley
|
0-0: Called Strike 0-1: Ball 1-1: Fielders Choice at 2nd, 5-4 (Groundball, 5, EV 91.9 MPH)
|
Top of the 3rd over - 1 run, 2 hits, 0 errors, 1 left on base; Round Rock 1 - Toledo 0 |
BOTTOM OF THE 3RD |
Toledo Mud Hens batting - Pitching for Round Rock Express : LHP John McRight
|
Batting: RHB John Evancho
|
0-0: Called Strike 0-1: Ball 1-1: Ball 2-1: Called Strike 2-2: Ball 3-2: Base on Balls
|
Batting: RHB Benny O'Connor
|
0-0: Ball 1-0: Called Strike John Evancho steals 2nd base 1-1: Ball 2-1: Ground out 6-3 (Groundball, 6, EV 83.8 MPH)
|
Batting: SHB Scott Bartholomew
|
0-0: Called Strike 0-1: Ball 1-1: Ball 2-1: Foul Ball, location: 2F 2-2: Ground out 3-1 (Groundball, 34, EV 83.1 MPH) John Evancho to third
|
Batting: RHB Brandon O'Malley
|
0-0: Fly out, F7 (Flyball, 7, EV 80.0 MPH)
|
Bottom of the 3rd over - 0 runs, 0 hits, 0 errors, 1 left on base; Round Rock 1 - Toledo 0 |
TOP OF THE 4TH |
Round Rock Express batting - Pitching for Toledo Mud Hens : RHP Ricky Tercero
|
Batting: RHB Ryan Kinkead
|
0-0: Ball 1-0: Called Strike 1-1: Foul Ball, location: 2F 1-2: Ball 2-2: Strikes out looking
|
Batting: LHB Barend van der Kamp
|
0-0: Called Strike 0-1: Called Strike 0-2: Ball 1-2: Ball 2-2: Ball 3-2: Base on Balls
|
Batting: RHB Ernie Weathersbee
|
0-0: Ball 1-0: Called Strike 1-1: Foul Ball, location: 2F 1-2: Ball 2-2: Grounds into double play, 5-4-3 (Groundball, 56, EV 84.4 MPH)
|
Top of the 4th over - 0 runs, 0 hits, 0 errors, 0 left on base; Round Rock 1 - Toledo 0 |
BOTTOM OF THE 4TH |
Toledo Mud Hens batting - Pitching for Round Rock Express : LHP John McRight
|
Batting: RHB Willis Morales
|
0-0: Ball 1-0: Ball 2-0: Called Strike 2-1: Ground out 3-1 (Groundball, 13, EV 85.0 MPH)
|
Batting: RHB Sergio Zamora
|
0-0: Called Strike 0-1: Foul Ball, location: 2F 0-2: Ball 1-2: Foul Ball, location: 2F 1-2: Ball 2-2: Ball 3-2: Foul Ball, location: 2F 3-2: Strikes out swinging
|
Batting: RHB Trevor Mock
|
0-0: Ball 1-0: Foul Ball, location: 2F 1-1: Ball 2-1: Called Strike 2-2: Ball 3-2: Ground out 6-3 (Groundball, 6, EV 82.5 MPH)
|
Bottom of the 4th over - 0 runs, 0 hits, 0 errors, 0 left on base; Round Rock 1 - Toledo 0 |
TOP OF THE 5TH |
Round Rock Express batting - Pitching for Toledo Mud Hens : RHP Ricky Tercero
|
Batting: RHB Jarrod Joyce
|
0-0: Ball 1-0: Ball 2-0: Foul Ball, location: 2F 2-1: Ball 3-1: Swinging Strike 3-2: Foul Ball, location: 2F 3-2: Strikes out swinging
|
Batting: RHB Adryão Anto
|
0-0: Fly out, F2 (Popup, 23F, EV 86.9 MPH)
|
Batting: RHB Jeremy Boerman
|
0-0: Ball 1-0: Ball 2-0: Called Strike 2-1: Swinging Strike 2-2: DOUBLE (Flyball, 89XD, EV 115.0 MPH)
|
Batting: RHB Luis Romero
|
0-0: Called Strike 0-1: Ball 1-1: Ground out 4-3 (Groundball, 4, EV 100.0 MPH)
|
Top of the 5th over - 0 runs, 1 hit, 0 errors, 1 left on base; Round Rock 1 - Toledo 0 |
BOTTOM OF THE 5TH |
Toledo Mud Hens batting - Pitching for Round Rock Express : LHP John McRight
|
Batting: RHB Adam MacConnell
|
0-0: Ball 1-0: Ground out 4-3 (Groundball, 4, EV 102.5 MPH)
|
Batting: RHB Tony Soto
|
0-0: Ball 1-0: Ball 2-0: SINGLE (Flyball, 34D, EV 90.0 MPH)
|
Batting: RHB John Evancho
|
0-0: Hit by Pitch Tony Soto to second
|
Batting: RHB Benny O'Connor
|
0-0: Foul Ball, location: 2F 0-1: Ball 1-1: Grounds into double play, 6-4-3 (Groundball, 6, EV 84.4 MPH)
|
Bottom of the 5th over - 0 runs, 1 hit, 0 errors, 1 left on base; Round Rock 1 - Toledo 0 |
TOP OF THE 6TH |
Round Rock Express batting - Pitching for Toledo Mud Hens : RHP Ricky Tercero
|
Batting: RHB Doug Hammertime
|
0-0: Called Strike 0-1: Ball 1-1: Swinging Strike 1-2: Ground out 1-3 (Groundball, 15S, EV 73.8 MPH)
|
Batting: RHB Noah Stanley
|
0-0: Ball 1-0: Foul Ball, location: 2F 1-1: SINGLE (Groundball, 6M, EV 100.6 MPH) (infield hit)
|
Batting: RHB Ryan Kinkead
|
0-0: Ball 1-0: Ball 2-0: Foul Ball, location: 2F 2-1: Ball 3-1: Called Strike 3-2: Ground out 5-3 (Groundball, 56S, EV 86.2 MPH) Noah Stanley to second
|
Batting: LHB Barend van der Kamp
|
0-0: Called Strike 0-1: Swinging Strike 0-2: Ball 1-2: Foul Ball, location: 2F 1-2: Ball 2-2: Ball 3-2: Strikes out looking
|
Top of the 6th over - 0 runs, 1 hit, 0 errors, 1 left on base; Round Rock 1 - Toledo 0 |
BOTTOM OF THE 6TH |
Toledo Mud Hens batting - Pitching for Round Rock Express : LHP John McRight
|
Batting: SHB Scott Bartholomew
|
0-0: Ball 1-0: Ball 2-0: Called Strike 2-1: Ground out 4-3 (Groundball, 4, EV 106.9 MPH)
|
Batting: RHB Brandon O'Malley
|
0-0: Called Strike 0-1: Foul Ball, location: 2F 0-2: Ball 1-2: Strikes out swinging
|
Batting: RHB Willis Morales
|
0-0: DOUBLE (Groundball, 5L, EV 102.5 MPH)
|
Batting: RHB Sergio Zamora
|
0-0: Swinging Strike 0-1: Foul Ball, location: 2F 0-2: Foul Ball, location: 2F 0-2: Foul Ball, location: 2F 0-2: Ball 1-2: Foul Ball, location: 2F 1-2: Ball 2-2: Ground out 6-3 (Groundball, 6, EV 100.0 MPH)
|
Bottom of the 6th over - 0 runs, 1 hit, 0 errors, 1 left on base; Round Rock 1 - Toledo 0 |
TOP OF THE 7TH |
Round Rock Express batting - Pitching for Toledo Mud Hens : RHP Ricky Tercero
|
Batting: RHB Ernie Weathersbee
|
0-0: Ball 1-0: Ball 2-0: SINGLE (Line Drive, 34D, EV 104.4 MPH)
|
Batting: RHB Jarrod Joyce
|
0-0: Ball 1-0: Ball 2-0: Foul Ball, location: 2F 2-1: Fielders Choice at 2nd, 6-4 (Groundball, 6, EV 90.0 MPH)
|
Pitching: RHP Jerome Stady
|
|
Batting: RHB Adryão Anto
|
0-0: Called Strike 0-1: Ball 1-1: Ball 2-1: Swinging Strike 2-2: Ball 3-2: DOUBLE (Line Drive, 3D, EV 96.2 MPH) Jarrod Joyce to third Jarrod Joyce scores
|
Batting: RHB Jeremy Boerman
|
0-0: Ball 1-0: Ball 2-0: Foul Ball, location: 2F 2-1: Foul Ball, location: 2F 2-2: SINGLE (Flyball, 8RS, EV 85.0 MPH) Adryão Anto to third Runner from 3rd tries for Home, SAFE, throw by CF to home
|
Batting: RHB Luis Romero
|
0-0: Ball 1-0: Called Strike 1-1: Ball Jeremy Boerman is caught stealing 2nd base 2-4 2-1: Foul Ball, location: 2F 2-2: SINGLE (Line Drive, 8RS, EV 108.1 MPH)
|
Batting: RHB Doug Hammertime
|
0-0: Ball 1-0: Foul Ball, location: 2F 1-1: Foul Ball, location: 2F 1-2: Ball 2-2: Ball Luis Romero is caught stealing 2nd base 2-4
|
Top of the 7th over - 2 runs, 4 hits, 0 errors, 0 left on base; Round Rock 3 - Toledo 0 |
BOTTOM OF THE 7TH |
Toledo Mud Hens batting - Pitching for Round Rock Express : LHP John McRight
|
Now at 3B: Jarrod Joyce
|
|
Now at SS: Ivan Colon
|
|
Batting: RHB Trevor Mock
|
0-0: Called Strike 0-1: Ball 1-1: Ball 2-1: Ground out 6-3 (Groundball, 6, EV 105.6 MPH)
|
Batting: RHB Adam MacConnell
|
0-0: Called Strike 0-1: Foul Ball, location: 2F 0-2: SINGLE (Line Drive, 56D, EV 101.9 MPH)
|
Batting: RHB Tony Soto
|
0-0: Ball 1-0: Foul Ball, location: 2F 1-1: Ball 2-1: DOUBLE (Line Drive, 7LM, EV 95.6 MPH) Adam MacConnell to third Runner from 3rd tries for Home, SAFE, throw by LF to trailing runner, SAFE at third!
|
Pitching: RHP Jean-Michel Hamon
|
|
Batting: RHB John Evancho
|
0-0: DOUBLE (Line Drive, 78D, EV 103.8 MPH) Tony Soto scores
|
Batting: RHB Benny O'Connor
|
0-0: Ball 1-0: Ball 2-0: Ball 3-0: Called Strike 3-1: Ground out 4-3 (Groundball, 34, EV 81.2 MPH) John Evancho to third
|
Batting: SHB Scott Bartholomew
|
0-0: Ball 1-0: Ball 2-0: Foul Ball, location: 2F 2-1: Foul Ball, location: 2F 2-2: Strikes out swinging
|
Bottom of the 7th over - 2 runs, 3 hits, 0 errors, 1 left on base; Round Rock 3 - Toledo 2 |
TOP OF THE 8TH |
Round Rock Express batting - Pitching for Toledo Mud Hens : RHP Jerome Stady
|
Pitching: LHP Ben Saunders
|
|
Batting: RHB Doug Hammertime
|
0-0: Foul Ball, location: 2F 0-1: Ball 1-1: Called Strike 1-2: Ball 2-2: Foul Ball, location: 2F 2-2: Ball 3-2: Foul Ball, location: 2F 3-2: DOUBLE (Groundball, 3L, EV 108.8 MPH)
|
Batting: RHB Noah Stanley
|
0-0: Ball 1-0: Foul Ball, location: 2F 1-1: Foul Ball, location: 2F 1-2: Ball 2-2: Ball 3-2: Fly out, F8 (Flyball, 89D, EV 109.4 MPH) Runner from 2nd tags up, SAFE at 3rd, no throw by CF
|
Batting: RHB Ryan Kinkead
|
0-0: Intentional Walk
|
Pinch Hitting: SHB Dan Lash
|
0-0: Ball 1-0: Ball 2-0: Swinging Strike 2-1: Ball 3-1: Base on Balls Ryan Kinkead to second
|
Batting: RHB Ernie Weathersbee
|
0-0: Called Strike 0-1: Ball 1-1: Swinging Strike 1-2: Strikes out swinging
|
Batting: RHB Jarrod Joyce
|
0-0: Called Strike 0-1: Foul Ball, location: 2F 0-2: Ball 1-2: Strikes out swinging
|
Top of the 8th over - 0 runs, 1 hit, 0 errors, 3 left on base; Round Rock 3 - Toledo 2 |
BOTTOM OF THE 8TH |
Toledo Mud Hens batting - Pitching for Round Rock Express : RHP Jean-Michel Hamon
|
Now in CF: Adryão Anto
|
|
Now in RF: Jonathan Rangel
|
|
Pinch Hitting: SHB Richello Badua
|
0-0: Called Strike 0-1: Ball 1-1: Foul Ball, location: 2F 1-2: Hit by Pitch
|
Batting: RHB Willis Morales
|
0-0: Ball 1-0: Reached on error, E2 (Groundball, 2R, EV 43.8 MPH) Richello Badua to third
|
Batting: RHB Sergio Zamora
|
0-0: Ball Wild Pitch! Richello Badua scores Willis Morales to third 1-0: Foul Ball, location: 2F 1-1: Ball 2-1: Fly out, F7 (Flyball, 7, EV 85.6 MPH)
|
Batting: RHB Trevor Mock
|
0-0: Foul Ball, location: 2F 0-1: Called Strike 0-2: Ball 1-2: Foul Ball, location: 2F 1-2: Foul Ball, location: 2F 1-2: Ball 2-2: Fly out, F7 (Flyball, 7, EV 90.6 MPH) Runner from 3rd tags up, SCORES, throw by LF
|
Batting: RHB Adam MacConnell
|
0-0: Fly out, F9 (Flyball, 89M, EV 86.2 MPH)
|
Bottom of the 8th over - 2 runs, 0 hits, 1 error, 0 left on base; Round Rock 3 - Toledo 4 |
TOP OF THE 9TH |
Round Rock Express batting - Pitching for Toledo Mud Hens : LHP Ben Saunders
|
Pitching: RHP Dan Keener
|
|
Now in LF: Richello Badua
|
|
Batting: RHB Adryão Anto
|
0-0: Ball 1-0: Ball 2-0: Ball 3-0: Called Strike 3-1: Swinging Strike 3-2: Fly out, F9 (Flyball, 9S, EV 81.2 MPH)
|
Pinch Hitting: SHB Javy Rosa
|
0-0: Ball 1-0: Ball 2-0: Ball 3-0: Base on Balls
|
Pinch Hitting: LHB Cooper Broomhall
|
0-0: Ball 1-0: Ball 2-0: Called Strike 2-1: Called Strike 2-2: SINGLE (Line Drive, 7LS, EV 110.6 MPH) Javy Rosa to second Runner from 2nd tries for 3rd, OUT! 7-5
|
Batting: RHB Doug Hammertime
|
0-0: Ball 1-0: Called Strike 1-1: Ball 2-1: Foul Ball, location: 2F 2-2: Strikes out looking
|
Top of the 9th over - 0 runs, 1 hit, 0 errors, 1 left on base; Round Rock 3 - Toledo 4 |
|